Cogmind - Beta 11 @@@ ROGUE MODE // 2022.03.19 @ 20:51:47 Player: Dendrocnid Result: Destroyed by Y-45 Defender with Heavy Assault Rifle Performance ------------- Evolutions (1) 500 Regions Visited (4) 800 Robots Destroyed (49) 245 Value Destroyed (1081) 1081 Prototype IDs (0) 0 Alien Tech Used (0) 0 Bonus (0) 0 TOTAL SCORE: 2626 Bonus ------- None Cogmind --------- Core Integrity 0/400 Matter 275/300 Energy 239/265 System Corruption 0% Temperature Cool (42) Movement Treading (320) Ox2 Location -9/Mines Parts ------- > --- POWER (1) -------- Improved Ion Engine > --- PROPULSION (2) --- Light Treads > --- UTILITY (4) ------ Improved Heat Sink High-capacity Storage Unit > --- WEAPON (2) ------- Particle Gun Particle Cannon > --- INVENTORY (20) --- Aluminum Leg Aluminum Leg Small Storage Unit Datajack Peak State ------------ > --- POWER ------------ Ion Engine > --- PROPULSION ------- Wheel Wheel > --- UTILITY ---------- High-capacity Storage Unit Improved Terrain Scanner Seismic Detector > --- WEAPON ----------- Heavy Assault Rifle Makeshift Shrapnel Gun > --- INVENTORY -------- Light Ion Engine Light Treads Light Treads Aluminum Leg Aluminum Leg Small Storage Unit EM Pulse Gun Heavy Assault Rifle Light Cannon Datajack [Rating: 15] Favorites ----------- Power Ion Engine Engine Ion Engine Propulsion Light Treads Treads Light Treads Wheel Wheel Utility High-capacity Storage Unit Device Seismic Detector Storage High-capacity Storage Unit Weapon Light Cannon Energy Gun EM Pulse Gun Energy Cannon Particle Cannon Ballistic Gun Makeshift Shrapnel Gun Ballistic Cannon Light Cannon Special Melee Weapon Datajack Build | -11 -10 -10 -9 -9 ------- Run | Scr Mat Min Mat Min Slots Evolved 2 | . . . 2 . Power . | . . . . . Propulsion . | . . . . . Utility 2 | . . . 2 . Weapon . | . . . . . Parts Attached 32 | 7 2 5 11 7 Power 4 | 1 . 1 1 1 Engine 4 | 1 . 1 1 1 Core . | . . . . . Reactor . | . . . . . Propulsion 9 | 2 . 1 4 2 Treads 4 | . . . 2 2 Leg . | . . . . . Wheel 5 | 2 . 1 2 . Hover . | . . . . . Flight . | . . . . . Utility 6 | 2 1 1 2 . Device 4 | 1 . 1 2 . Storage 2 | 1 1 . . . Processor . | . . . . . Hackware . | . . . . . Protection . | . . . . . Artifact . | . . . . . Weapon 13 | 2 1 2 4 4 Energy Gun 3 | 1 . . 1 1 Energy Cannon 1 | . . . . 1 Ballistic Gun 4 | 1 . 1 2 . Ballistic Cannon 4 | . 1 1 1 1 Launcher . | . . . . . Special Weapon . | . . . . . Impact Weapon . | . . . . . Slashing Weapon . | . . . . . Piercing Weapon . | . . . . . Special Melee Weapon 1 | . . . . 1 Unidentified Prototypes . | . . . . . Parts Lost 19 | . . 3 10 6 Power 3 | . . 1 1 1 Propulsion 6 | . . . 3 3 Utility 3 | . . 1 2 . Weapon 7 | . . 1 4 2 Highest Loss Streak 4 | . . 3 4 4 To Critical Strikes . | . . . . . Average Slot Usage (%) 83 | . 100 89 80 76 Engine 11 | . 14 14 8 11 Treads 9 | . . . 7 21 Wheel 14 | . 28 28 13 . Device 13 | . 14 12 17 11 Storage 12 | . 14 14 11 11 Energy Gun 4 | . 1 . . 10 Ballistic Gun 9 | . 14 15 15 . Ballistic Cannon 7 | . 12 4 5 8 Naked Turns . | . . . . . Heaviest Build 53 | 13 49 51 52 53 Greatest Support 40 | 26 26 26 40 40 Greatest Overweight (x) 5 | . 1 1 5 2 Average Overweight (x) 1 | . . 1 1 1 Largest Inventory Capacity 20 | 8 20 20 20 20 Average Capacity 19 | 7 19 20 20 20 Most Carried 12 | 7 8 12 11 7 Average Carried 7 | 3 7 10 9 5 Final Capacity 20 | 8 20 20 20 20 Final Carried 11 | 6 8 11 7 4 Class Distribution -------------------- 86% | Mutant 13% | Scavenger-Mutant Dominant Class ---------------- Mutant | -10/Materials Mutant | -10/Mines Scavenger-Mutant | -9/Materials Mutant | -9/Mines Resources | -11 -10 -10 -9 -9 ----------- Run | Scr Mat Min Mat Min Matter Collected 1165 | 232 100 198 506 129 Remotely . | . . . . . Salvage Created 1237 | 18 54 205 690 270 Parts 101 | 5 5 19 54 18 Haulers Intercepted 1 | . . . 1 . Recyclers Shooed 2 | . . 1 1 . Parts Field Recycled . | . . . . . Retrieved Matter . | . . . . . Parts Self-Destructed . | . . . . . Prevented . | . . . . . Kills | -11 -10 -10 -9 -9 ------- Run | Scr Mat Min Mat Min Combat Hostiles Destroyed 41 | . 4 7 21 9 Guns 26 | . 4 2 17 3 Cannons 15 | . . 5 4 6 Classes Destroyed 9 | 1 1 2 4 1 Worker 1 | . . 1 . . Builder 2 | . . . 2 . Tunneler 2 | 1 . 1 . . Hauler 1 | . . . 1 . Recycler 1 | . . . . 1 Watcher 1 | . . . 1 . Swarmer 20 | . 4 3 7 6 Grunt 18 | . . 4 11 3 Sentry 3 | . . . 3 . Best Kill Streak 5 | 1 3 4 5 3 Combat Bots Only 5 | . 3 3 5 3 Max Kills in Single Turn 2 | 1 1 1 2 2 Gunslinging . | . . . . . Exploded . | . . . . . Melee . | . . . . . Uniques/NPCs Destroyed . | . . . . . Combat | -11 -10 -10 -9 -9 -------- Run | Scr Mat Min Mat Min Damage Taken 2190 | . 144 338 964 744 Core 483 | . 43 34 214 192 Absorbed by Shields . | . . . . . Core Remaining (%) 84 | 100 . 69 . . Volleys Fired 122 | 1 11 21 64 25 Largest 2 | 2 2 2 2 2 Hottest 133 | 60 55 59 75 133 Shots Fired 232 | 2 22 37 124 47 Gun 153 | 2 11 28 87 25 Cannon 79 | . 11 9 37 22 Launcher . | . . . . . Special . | . . . . . Kinetic 202 | 1 22 37 122 20 Thermal 5 | . . . . 5 Explosive . | . . . . . Electromagnetic 25 | 1 . . 2 22 Robot Hit Streak 10 | 1 2 10 9 6 Robot Miss Streak 6 | 1 3 6 5 2 Penetration Max . | . . . . . Secondary Targets . | . . . . . Shots Hit Robots 144 | 1 10 26 81 26 Core Hits 64 | 1 4 13 34 12 Critical Kills 1 | . . . 1 . Critical Parts Destroyed . | . . . . . Critical Strikes 3 | . . 1 2 . Destroy 1 | . . . 1 . Blast 2 | . . 1 1 . Melee Attacks . | . . . . . Impact . | . . . . . Slashing . | . . . . . Piercing . | . . . . . Sneak Attacks . | . . . . . Combat Hostiles . | . . . . . Follow-up Attacks . | . . . . . Damage Inflicted 2296 | 15 140 434 1288 419 Guns 1491 | 15 89 307 889 191 Cannons 802 | . 51 127 396 228 Explosions . | . . . . . Melee . | . . . . . Ramming 3 | . . . 3 . Kinetic 2034 | 15 140 434 1258 187 Thermal 67 | . . . . 67 Explosive . | . . . . . Electromagnetic 192 | . . . 27 165 Impact . | . . . . . Slashing . | . . . . . Piercing . | . . . . . Highest Corruption . | . . . . . Average Corruption . | . . . . . Corruption Purged . | . . . . . Corruption Blocked . | . . . . . Overload Shots . | . . . . . Overflow Damage 8 | . . . . 8 Projectiles 8 | . . . . 8 Explosions . | . . . . . Melee . | . . . . . Knockbacks 8 | . 1 1 3 3 Impact . | . . . . . Kinetic 8 | . 1 1 3 3 Secondary . | . . . . . Self-Inflicted Damage . | . . . . . Shots . | . . . . . Rammed 1 | . . . 1 . Targets Rammed 1 | . . . 1 . Kicked . | . . . . . Crushed . | . . . . . Highest Temperature 33 | . . 23 22 33 Average Temperature 9 | . . 11 5 16 Received Heat Transfer 855 | . . 159 411 285 Siege Activations . | . . . . . Robots Corrupted . | . . . . . Combat Hostiles . | . . . . . Parts Fried . | . . . . . Impact Corruptions . | . . . . . Robots Melted . | . . . . . Combat Hostiles . | . . . . . Parts Melted . | . . . . . Heat Transferred 148 | . . . . 148 Parts Sabotaged . | . . . . . Parts Stolen . | . . . . . Parts Stripped . | . . . . . Power Chain Reactions . | . . . . . Missiles Intercepted . | . . . . . Alert | -11 -10 -10 -9 -9 ------- Run | Scr Mat Min Mat Min Peak Influence 361 | 5 147 142 350 361 Initial 136 | . 3 57 27 136 Average 137 | 1 74 63 191 181 Maximum Alert Level 1 | . . . 1 1 Low Security (%) 78 | 100 100 100 63 65 Level 1 21 | . . . 36 34 Level 2 . | . . . . . Level 3 . | . . . . . Level 4 . | . . . . . Level 5 . | . . . . . High Security . | . . . . . Max Security . | . . . . . Squads Dispatched 1 | . . . 1 . Investigation 1 | . . . 1 . Extermination . | . . . . . Reinforcement . | . . . . . Assault . | . . . . . Garrison . | . . . . . Intercept . | . . . . . Searches Triggered . | . . . . . Construction Impeded . | . . . . . Haulers Reinforced . | . . . . . Active Scanning Responses . | . . . . . Cargo Convoy Interrupts . | . . . . . Stealth | -11 -10 -10 -9 -9 --------- Run | Scr Mat Min Mat Min Distress Signals 2 | . . . 2 . Communications Jammed . | . . . . . Distress Signals . | . . . . . Times Spotted 58 | . 8 7 32 11 Peak Tracking Total 7 | . 4 3 7 3 Tactical Retreats 4 | . 2 . 2 . Traps | -11 -10 -10 -9 -9 ------- Run | Scr Mat Min Mat Min Traps Triggered 1 | . . . 1 . Indirectly . | . . . . . Trap Hack Attempts . | . . . . . Triggered . | . . . . . Disarmed . | . . . . . Reprogrammed . | . . . . . Reused . | . . . . . Traps Extracted . | . . . . . Installed . | . . . . . Triggered . | . . . . . Machines | -11 -10 -10 -9 -9 ---------- Run | Scr Mat Min Mat Min Machines Disabled 2 | . . . 1 1 Max in Single Turn 1 | . . . 1 1 Machines Sabotaged . | . . . . . Garrisons Compromised . | . . . . . Overloaded Fab Kills . | . . . . . Hacking | -11 -10 -10 -9 -9 --------- Run | Scr Mat Min Mat Min Machines Accessed 5 | . 3 1 . 1 Terminals 5 | . 3 1 . 1 Fabricators . | . . . . . Repair Stations . | . . . . . Recycling Units . | . . . . . Scanalyzers . | . . . . . Garrison Access . | . . . . . Total Hacks 12 | . 9 2 . 1 Successful 5 | . 3 1 . 1 Failed 7 | . 6 1 . . Catastrophic . | . . . . . Database Lockouts . | . . . . . Manual 6 | . 6 . . . Terminals 12 | . 9 2 . 1 Fabricators . | . . . . . Repair Stations . | . . . . . Recycling Units . | . . . . . Scanalyzers . | . . . . . Garrison Access . | . . . . . Terminal Hacks 3 | . 1 1 . 1 Hauler Manifests 1 | . 1 . . . Zone Layout 2 | . . 1 . 1 Fabricator Hacks . | . . . . . Repair Station Hacks . | . . . . . Recycling Unit Hacks . | . . . . . Scanalyzer . | . . . . . Garrison Access Hacks . | . . . . . Unauthorized Hacks 2 | . 2 . . . Terminals 2 | . 2 . . . Botnet 2 | . 2 . . . Fabricators . | . . . . . Repair Stations . | . . . . . Recycling Units . | . . . . . Scanalyzers . | . . . . . Garrison Access . | . . . . . Data Cores Recovered . | . . . . . Used . | . . . . . Hacking Detections 3 | . 2 1 . . Full Trace Events . | . . . . . Feedback Events . | . . . . . Feedback Blocked . | . . . . . Robot Schematics Acquired . | . . . . . Robots Built . | . . . . . Authchips . | . . . . . Time . | . . . . . Total Robot Build Rating . | . . . . . Part Schematics Acquired . | . . . . . Parts Built . | . . . . . Authchips . | . . . . . Time . | . . . . . Total Part Build Rating . | . . . . . Parts Repaired . | . . . . . Time . | . . . . . Parts Recycled . | . . . . . Recycled Matter . | . . . . . Retrieved Matter . | . . . . . Retrieved Components . | . . . . . Parts Scanalyzed . | . . . . . Part Schematics Acquired . | . . . . . Parts Damaged . | . . . . . Bothacking | -11 -10 -10 -9 -9 ------------ Run | Scr Mat Min Mat Min Used RIF Installer . | . . . . . Robots Hacked . | . . . . . Non-combat . | . . . . . Combat . | . . . . . Robot Hacks Applied . | . . . . . Relay Couplers Released . | . . . . . Fabnet Peak Effective % . | . . . . . Robots Rewired . | . . . . . Allies Hacked . | . . . . . Hacks Repelled . | . . . . . Allies | -11 -10 -10 -9 -9 -------- Run | Scr Mat Min Mat Min Total Allies . | . . . . . Largest Group . | . . . . . Highest-Rated Group . | . . . . . Highest-Rated Ally . | . . . . . Total Orders . | . . . . . Ally Attacks . | . . . . . Total Damage . | . . . . . Kills . | . . . . . Allies Corrupted . | . . . . . Allies Melted . | . . . . . Intel | -11 -10 -10 -9 -9 ------- Run | Scr Mat Min Mat Min Robot Analysis Total . | . . . . . Derelict Logs Recovered 3 | . . 2 . 1 Drone Launches . | . . . . . Drone Recoveries . | . . . . . Exploration | -11 -10 -10 -9 -9 ------------- Run | Scr Mat Min Mat Min Turns Passed 2688 | 64 333 665 651 975 Spaces Moved 1443 | 50 276 493 254 370 Core 2 | 2 . . . . Treads 424 | . . . 54 370 Legs . | . . . . . Wheels 1017 | 48 276 493 200 . Hover . | . . . . . Flight . | . . . . . Fastest Speed 50 | 50 90 105 105 240 Average Speed 144 | 88 104 105 138 240 Slowest Speed 320 | 100 105 105 240 320 Overloaded Moves . | . . . . . Propulsion Burnouts . | . . . . . Robots Hopped . | . . . . . Cave-ins Triggered . | . . . . . Exploration Rate (%) 46 | 4 50 85 23 72 Regions Visited 4 Branch Regions 2 Pre-discovered Areas . | . . . . . Known Exits Taken . | . . . . . Unknown Exits Taken 4 | 1 1 1 1 . Scrap Searched 4 | . . 2 . 2 Spaces Dug . | . . . . . Terrain Destroyed . | . . . . . Melee . | . . . . . Projectile . | . . . . . AOE . | . . . . . Terrain Rammed . | . . . . . Walls Destroyed . | . . . . . Machines Disabled . | . . . . . Actions | -11 -10 -10 -9 -9 --------- Run | Scr Mat Min Mat Min Total 1801 | 64 297 602 428 410 Wait 186 | . 8 78 92 8 Move 1439 | 49 275 492 253 370 Hop . | . . . . . Pick Up 19 | 7 1 5 6 . Fast Attach 10 | 6 . 1 1 2 Attach 16 | 1 . 2 10 3 Detach . | . . . . . Swap 6 | . 2 2 . 2 Drop 2 | . . 1 1 . Fire 122 | 1 11 21 64 25 Melee . | . . . . . Ram . | . . . . . Kick . | . . . . . Crush 1 | . . . 1 . Escape Stasis . | . . . . . Rewire . | . . . . . Trap . | . . . . . Miscellaneous . | . . . . . Route ------- -11/Scrapyard -10/Materials (discovered 2 exits: [*Mat] / *Min) -10/Mines (discovered 2 exits: [*Mat x2]) -9/Materials -9/Mines (discovered 2 exits: [*Mat x2]) History --------- Turn | Location | Event 21 | -11/Scrapyard | Discovered new exit (range 16) 65 | -11/Scrapyard | Entered Materials 251 | -10/Materials | Discovered new exit (range 16) 301 | -10/Materials | Build established: Mutant 385 | -10/Materials | Discovered new exit (range 12) 398 | -10/Materials | Entered Mines 428 | -10/Mines | Met a Derelict bent on vengeance 553 | -10/Mines | Learned Materials security intel 572 | -10/Mines | A weapon hastily lodged in a ceiling crevice suddenly fell to the ground 667 | -10/Mines | Lost 3 parts (1p1u1w) 776 | -10/Mines | Learned Materials interactive machine intel 1003 | -10/Mines | Discovered new exit (range 10) 1057 | -10/Mines | Discovered new exit (range 5) 1063 | -10/Mines | Entered Materials 1063 | -9/Materials | Evolved 2 slots: Utility x2 1065 | -9/Materials | Loaded intel: 18 interactive machine locations 1376 | -9/Materials | Discovered new exit (range 15) 1413 | -9/Materials | Build established: Scavenger-Mutant 1510 | -9/Materials | Lost 4 parts (1n1u2w) 1586 | -9/Materials | Core integrity fell below 50% 1714 | -9/Materials | Entered Mines 1765 | -9/Mines | Build established: Mutant 1884 | -9/Mines | Discovered new exit (range 10) 2259 | -9/Mines | Discovered new exit (range 3) 2278 | -9/Mines | Learned location of 1 exit from Materials 2681 | -9/Mines | Core integrity fell below 20% 2689 | -9/Mines | Destroyed by Y-45 Defender with Heavy Assault Rifle Last Messages --------------- 02309_ Found 37 Matter. 02479_ A derelict is hurriedly installing traps. 02481_ EA-BR4(g): "Hehe, this'll put a wrench in their mining defense operations..." 02481_ EA-BR4(g) slips into the shadows. 02561_ Searching scrap... 02561_ Found Hcp. Storage Unit. 02561_ Found 23 Matter. 02562_ Acquired 10 matter. 02661_ Lgt. Cannon destroyed. 02664_ Critical hit (Burn: +37). 02664_ EM Pulse Gun destroyed. 02668_ Lgt. Treads destroyed. 02671_ Critical hit (Burn: +37). 02674_ Machine disabled. 02676_ Lgt. Treads destroyed. 02678_ Acquired Particle Gun. 02680_ Critical hit (Burn: +37). 02685_ Acquired Particle Cannon. 02688_ Machine disabled. Map ----- +----------------------------------------------------+ | ?????????????????????????# #?## # | | ?????????????????????????# #?# ###### | | ?????????????????????????# #?# ##????# | | ????????????????????# #### #?## ##????# | | ????????????????????# #??###?????# | | ??????????????????######## ##????????# | | ?????????????????## #???# ##???????### | | ????????????????## #??## ##????????? | | ???????????????## #?## ##???????? | | ??????????????## ## ######### | | ??????????????# | | ???????????????????## | | ????????????????????## ######### | | ?????????????????????# ##???????? | | ?????????????????????# #????????? | | ?????????????????????# ########## | | ?????????????????????# | | ?????????????????????## ########### | | ??????????????????????### ##?????????# | | ????????????????????????# ##??????????## | | ????????????????????????# #????????????? | | ?????????????????????#### #?????##?????? | | ?????????????????????# #????? ?????? | | ?????????????????????# #####????? """??? | | ?????????????######??# ########??? ""???? | | ????????????## !@ ##?# # #??? ""???? | | ????????????#""! "#?# #^ #??? ???? | | ????????????# #?# #??? ???? | | ????????????##Y ##?# # #??? ???? | | ????????????###/Y###?#^ # # ^ #??? ???? | | ????????????# #?# ^ # #???# #???? | | ??????????### ### ## # #???# #???? | | ??????????# # #???# ##### | | ??????????# ### #???# | | ??????????# #?# ##### ##### | | ??????????# #?# !% #???? | | ??????????# #?# #######???? | | ??????????# #?#### ###?????????? | | ??????????# #????# #???????????? | | ??????????# #????# #???????????? | | ??????????# ###### #???????????? | | ??????????# #???????????? | | ??????????# ########???????????? | | ??????????# #??????????????????? | | ??????????############??????????????????? | | ????????????????????????????????????????? | | ????????????????????????????????????????? | | ????????????????????????????????????????? | | | | | +----------------------------------------------------+ Best States ------------- Heat Dissipation 42 Energy Generation 12 Energy Capacity 265 Matter Stores 300 Matter Capacity 300 Sight Range 16 Terrain Scan Range 16 Terrain Scan Density 10 Evasion (%) 42 Recoil Reduction 2 Item Schematics ----------------- None Robot Schematics ------------------ None Fabricated ------------ Nothing Alien Tech Used ----------------- None Achievements -------------- None Challenges ------------ None Game ------ Seed MeleeTargetingJammer Manual? 0 Play Time 00:22:53 Cumulative 113.9 hours Start 2022.03.19 @ 17:22:57 End 2022.03.19 @ 20:51:47 Sessions 3 Manual Loads 0 Difficulty Rogue Special Mode None Game No. 184 Rogue 184 Adventurer 0 Explorer 0 Win Type - Total 0 Types 0/0/0/0/0/0/0/0/0 Lore% 27 Gallery% 47 Achievement% 41 Wizard Run 0 Options --------- ASCII 0 Keyboard 0 Movement Mouse Keybinds 0 Fullscreen 1 Font 18/SmallcapsGlow Map View 76x50 Tactical HUD 1 Map Filters NONE Filters NONE Steam 1 RUN: f009fdbb-c7cc-4584-aa0b-92c9be848953